 Dungeon Crawl Stone Soup version 0.25-a0-663-gace7076f2c (webtiles) character file.

Game seed: 14823587739485905709, levelgen mode: deterministic

3069 ReteAZ the Grappler (level 9, -3/78 (79) HPs)
             Began as a Ghoul Fighter on Mar 25, 2020.
             Was a Follower of Makhleb.
             Slain by a troll (7 damage)
             ... on level 8 of the Dungeon.
             The game lasted 00:08:30 (5741 turns).

ReteAZ the Grappler (Ghoul Fighter)                 Turns: 5741, Time: 00:08:31

HP:   -3/78 (79)    AC: 11    Str: 19 (21) XL:     9   Next: 88%
MP:   8/8           EV:  8    Int:  3 (5)  God:    Makhleb [*.....]
Gold: 126           SH:  9    Dex:  5 (8)  Spells: 8/8 levels left

rFire    + . .     SeeInvis .     - Unarmed
rCold    + . .     Gourm    .   b - +0 kite shield
rNeg     + + +     Faith    .   E - +0 ring mail {rF+}
rPois    ∞         Spirit   .   (no helmet)
rElec    .         Reflect  .   B - +0 cloak
rCorr    .         Harm     .   w - +0 pair of gloves
MR       .....                  o - +1 pair of boots {Fly}
Stlth    +.........             (no amulet)
HPRegen  0.00/turn              q - ring of stealth
MPRegen  0.11/turn              j - ring of flight

@: flying, rotting
A: rotting body, claws 1, carnivore, cold resistance 1, negative energy
resistance 3, inhibited regeneration, torment resistance, unbreathing
a: Renounce Religion, Stop Flying


You were on level 8 of the Dungeon.
You worshipped Makhleb.
Makhleb was aware of your devotion.
You were not hungry.

You visited 2 branches of the dungeon, and saw 9 of its levels.

You collected 324 gold pieces.
You spent 198 gold pieces at shops.

Inventory:

Missiles
 r - 5 boomerangs
 u - 18 poisoned darts (quivered)
Armour
 a - a +0 scale mail
 b - a +0 kite shield (worn)
 o - a +1 pair of boots of flying (worn)
 w - a +0 pair of gloves (worn)
 B - a +0 cloak (worn)
 C - a +2 robe of fire resistance
 E - a +0 ring mail of fire resistance (worn)
Jewellery
 j - a ring of flight (right hand)
 q - a ring of stealth (left hand)
Wands
 m - a wand of digging (3)
 A - a wand of iceblast (9)
 G - a wand of polymorph (8)
 H - a wand of flame (17)
Scrolls
 c - a scroll of magic mapping {unknown}
 f - a scroll of remove curse {unknown}
 g - 8 scrolls of identify {unknown}
 i - 8 scrolls of teleportation {unknown}
 l - a scroll of blinking {unknown}
 p - a scroll of immolation {unknown}
 t - 2 scrolls of enchant weapon {unknown}
 x - a scroll of torment {unknown}
 y - 2 scrolls of amnesia {unknown}
 F - a scroll of fear {unknown}
Potions
 e - 5 potions of degeneration
 h - 3 potions of brilliance {unknown}
 k - 5 potions of curing {unknown}
 n - 6 potions of haste {unknown}
 s - a potion of heal wounds {unknown}
 v - 2 potions of lignification {unknown}
 z - 3 potions of magic {unknown}
Comestibles
 d - 14 rations


   Skills:
 + Level 7.3 Fighting
 + Level 6.1 Armour
 + Level 6.1 Shields
 * Level 9.6 Unarmed Combat


You had 8 spell levels left.
You didn't know any spells.
Your spell library contained the following spells:

 Spells                   Type           Power        Failure   Level  Hunger
 Corpse Rot               Necr/Air       N/A          99%         2    ###....
 Dispel Undead            Necr           #.......     100%        4    #####..
 Agony                    Necr           #.......     100%        5    ######.
 Excruciating Wounds      Chrm/Necr      #.........   100%        5    ######.
 Sublimation of Blood     Necr           Unusable     N/A         2    N/A

Dungeon Overview and Level Annotations

Branches:
Dungeon (8/15)             Temple (1/1) D:6
   Lair: D:8-11

Altars:
Ashenzari
Cheibriados
Dithmenos
Fedhas
Gozag
Hepliaklqana
Makhleb
Qazlal
Ru
Trog
Uskayaw
Vehumet
Xom

Shops:
D:6 *


Innate Abilities, Weirdness & Mutations

Your body is rotting away.
You thrive on raw meat.
You are immune to poison.
You have sharp fingernails.
You are carnivorous and can eat meat at any time.
Your flesh is cold resistant. (rC+)
You are immune to negative energy. (rN+++)
You do not regenerate when monsters are visible.
You are immune to unholy pain and torment.
You can survive without breathing.


Message History

You feel weakened.
You feel dopey.
You feel clumsy. You block the troll's attack.
The troll claws you but does no damage. x2
Evoke which item? (* to show all) (? for menu, Esc to quit)
Aiming: Throw Flame
Press: ? - help, Shift-Dir - straight line, f - troll
Aim: a troll (severely wounded)
The puff of flame misses the troll.
The troll barely misses you. The troll claws you.
* * * LOW HITPOINT WARNING * * *
You block the troll's attack.
Okay, then.
You closely miss the troll.
The troll is severely wounded.
The troll bites you but does no damage. You block the troll's attack.
The troll claws you but does no damage.
You closely miss the troll.
The troll is heavily wounded.
The troll barely misses you. The troll claws you but does no damage.
The troll claws you!
You die...

.# #y.##...##
..# #..##...##
#?# #[y##...##
#.# #yy##...##
#.###..##...##
#.#(.##.####
#..##.##
#T#.## ##@##
###


You could see a troll.

Vanquished Creatures
  Pikel (D:6)
  Prince Ribbit (D:7)
  A yak (D:8)
  Duvessa (D:5)
  2 slaves (D:6)
  A sky beast (D:6)
  An orc warrior (D:7)
  A black bear (D:4)
  2 phantoms
  6 ogres
  2 centaurs (D:8)
  2 bullfrogs
  A water moccasin zombie (D:6)
  Dowan (D:5)
  2 scorpions
  4 killer bees (D:8)
  3 crimson imps
  A hound (D:4)
  3 orc wizards
  An iguana (D:5)
  A worker ant (D:7)
  Ijyb (D:5)
  2 worker ant zombies
  A howler monkey skeleton (D:5)
  A howler monkey zombie (D:6)
  5 adders
  3 oozes
  An adder skeleton (D:5)
  A dart slug (D:5)
  A worm (D:2)
  5 leopard geckos
  20 orcs
  7 giant cockroaches
  6 goblins
  12 hobgoblins
  8 jackals
  7 kobolds
  A quokka (D:4)
  6 bats
  A frilled lizard (D:2)
  A jackal skeleton (D:5)
  A quokka skeleton (D:5)
  A quokka zombie (D:5)
  6 rats
136 creatures vanquished.

Notes
Turn   | Place    | Note
-------+----------+-------------------------------------------
     0 | D:1      | ReteAZ the Ghoul Fighter began the quest for the Orb.
     0 | D:1      | Reached XP level 1. HP: 19/19 MP: 0/0
   530 | D:1      | Reached XP level 2. HP: 24/26 MP: 1/1
   961 | D:2      | Reached XP level 3. HP: 30/31 MP: 2/2
   970 | D:2      | Reached skill level 3 in Unarmed Combat
  1020 | D:2      | Reached XP level 4. HP: 33/40 MP: 3/3
  1145 | D:2      | Found a radiant altar of Vehumet.
  1391 | D:2      | Found a hide-covered altar of Uskayaw.
  1391 | D:2      | Found a hazy altar of Hepliaklqana.
  1678 | D:3      | Reached XP level 5. HP: 46/46 MP: 4/4
  2002 | D:4      | Reached skill level 4 in Unarmed Combat
  2096 | D:4      | Noticed a phantom
  2125 | D:4      | Killed a phantom
  2125 | D:4      | Reached XP level 6. HP: 52/53 MP: 5/5
  2445 | D:5      | Entered Level 5 of the Dungeon
  2463 | D:5      | Reached skill level 5 in Unarmed Combat
  2614 | D:5      | Reached XP level 7. HP: 60/60 MP: 6/6
  2719 | D:5      | Reached skill level 5 in Fighting
  2767 | D:5      | Noticed Ijyb
  2778 | D:5      | Killed Ijyb
  2879 | D:5      | Reached skill level 6 in Unarmed Combat
  3341 | D:5      | Noticed Duvessa
  3361 | D:5      | Noticed Dowan
  3367 | D:5      | Killed Duvessa
  3378 | D:5      | Killed Dowan
  3378 | D:5      | Reached XP level 8. HP: 28/68 MP: 7/7
  3763 | D:6      | Found a sacrificial altar of Ru.
  3763 | D:6      | Noticed Pikel
  3839 | D:6      | Reached skill level 7 in Unarmed Combat
  3840 | D:6      | Found a staircase to the Ecumenical Temple.
  3849 | Temple   | Entered the Ecumenical Temple
  3919 | Temple   | Became a worshipper of Makhleb the Destroyer
  4253 | D:6      | Killed Pikel
  4253 | D:6      | Reached skill level 5 in Armour
  4253 | D:6      | Reached skill level 5 in Shields
  4253 | D:6      | Reached skill level 8 in Unarmed Combat
  4253 | D:6      | Reached XP level 9. HP: 66/77 MP: 8/8
  4480 | D:6      | Found Tyzxosk's General Store.
  4483 | D:6      | Bought a +1 pair of boots of flying for 198 gold pieces
  4972 | D:7      | Noticed Prince Ribbit
  4979 | D:7      | Killed Prince Ribbit
  5345 | D:7      | Reached skill level 9 in Unarmed Combat
  5706 | D:8      | Reached * piety under Makhleb
  5709 | D:8      | Noticed a troll
  5741 | D:8      | Slain by a troll

Levels and vault maps discovered:
D:1:      sevenhm_arrival_forest_fort_large_4, layout_rooms, serial_forest,
          infiniplex_forest_clump_medium, infiniplex_forest_clump_tiny,
          infiniplex_forest_clump_long, infiniplex_forest_corner_1,
          infiniplex_forest_clump_small, infiniplex_forest_pool,
          infiniplex_forest_end_3, infiniplex_forest_straight_2,
          minmay_hedge_maze
D:2:      layout_rooms, nicolae_overflow_hidden_temple,
          gammafunk_temple_overflow_elements, minmay_heptomino_h4
D:3:      layout_loops_cross, first_ration, chequers_serial_rivers_large_a
D:4:      layout_cave_pools
D:5:      minmay_angry_zag, layout_gridville, uniq_duvessa, uniq_ijyb
D:6:      layout_cave_pools, minmay_temple_entry_purple_smoke, serial_shops,
          nicolae_shop_behind_doors, nicolae_ru_great_annihilating_truth,
          uniq_pikel
D:7:      layout_loops_ring, uniq_prince_ribbit1
D:8:      cheibrodos_steamvent, layout_loops_ring, minmay_diamond_spiral
Temple:   dpeg_five_rooms_temple

Skill      XL: |  1  2  3  4  5  6  7  8  9 |
---------------+----------------------------+-----
Unarmed Combat | 3 4 5 6 8 9 |  9.6
Shields        | 3 4 5 6 |  6.1
Armour         | 3 4 5 6 |  6.1
Fighting       | 4 5 6 7 |  7.3

Action                   |  1- 3 |  4- 6 |  7- 9 || total
-------------------------+-------+-------+-------++-------
Melee: Unarmed           |    77 |   184 |   415 ||   676
Throw: Dart              |       |       |    15 ||    15
       Boomerang         |       |       |     4 ||     4
       Throwing net      |       |       |     1 ||     1
Evoke: Wand              |       |       |     4 ||     4
  Use: Potion            |       |       |     2 ||     2
 Stab: Held in net/web   |       |       |     1 ||     1
       Paralysed         |       |       |     1 ||     1
       Sleeping          |       |       |     1 ||     1
  Eat: Chunk             |     6 |    11 |    26 ||    43
Armor: Scale mail        |    31 |    78 |    84 ||   193
       Ring mail         |       |       |    56 ||    56
Dodge: Dodged            |    17 |    60 |    95 ||   172
Block: Kite shield       |    19 |    95 |   205 ||   319

Table legend:
 A = Non-vault XP
 B = Vault XP
 C = Vault XP percentage of total XP
 D = Non-vault monster count
 E = Vault monster count
 F = Vault count percentage of total count
                 A         B        C        D         E       F
            +---------+---------+-------+---------+---------+-------
      Total |    2769 |    1616 |  36.9 |     116 |      18 |  13.4
            +---------+---------+-------+---------+---------+-------
        D:1 |      11 |       0 |   0.0 |       6 |       0 |   0.0
        D:2 |      95 |      19 |  16.7 |      24 |       4 |  14.3
        D:3 |      48 |       0 |   0.0 |      18 |       0 |   0.0
        D:4 |     413 |       0 |   0.0 |       8 |       0 |   0.0
        D:5 |     493 |     449 |  47.7 |      27 |       8 |  22.9
        D:6 |     513 |     678 |  56.9 |       8 |       4 |  33.3
        D:7 |     623 |     264 |  29.8 |      18 |       1 |   5.3
        D:8 |     573 |     206 |  26.4 |       7 |       1 |  12.5
            +---------+---------+-------+---------+---------+-------
